 Dungeon Crawl Stone Soup version 0.29.1 (webtiles) character file.

Game seed: 2136392561736237868

244 Artool the Ducker (level 5, -1/41 HPs)
             Began as a Demonspawn Gladiator on Sept 14, 2022.
             Slain by a wraith (6 damage)
             ... in an ossuary.
             The game lasted 00:07:07 (4866 turns).

Artool the Ducker (Demonspawn Gladiator)            Turns: 4866, Time: 00:07:07

Health: -1/41      AC:  4    Str: 17    XL:     5   Next: 83%
Magic:  0/5        EV: 13    Int:  9    God:
Gold:   142        SH:  4    Dex: 14    Spells: 4/4 levels left

rFire   . . .      SeeInvis .   o - +0 whip
rCold   . . .      Faith    .   (no shield)
rNeg    . . .      Spirit   +   b - +0 leather armour
rPois   .          Reflect  .   (helmet restricted)
rElec   .          Harm     .   (no cloak)
rCorr   .          Rampage  .   (no gloves)
Will    .....                   r - +0 pair of boots
Stlth   +.........              h - amulet of guardian spirit
HPRegen 0.13/turn               (no ring)
MPRegen 0.09/turn               (no ring)

@: slowed, very slow
A: antennae 2, condensation shield
a: no special abilities


You were in an ossuary.
You visited 1 branch of the dungeon, and saw 4 of its levels.
You also visited: Ossuary.

You collected 142 gold pieces.

Inventory:

Hand Weapons
 a - a +0 flail
 o - a +0 whip (weapon)
Missiles
 d - 3 throwing nets (quivered)
 e - a javelin
Armour
 b - a +0 leather armour (worn)
 c - a +0 helmet
 r - a +0 pair of boots (worn)
Jewellery
 h - an amulet of guardian spirit (around neck)
 u - an amulet of regeneration
Scrolls
 f - 7 scrolls of identify {unknown}
 g - a scroll of acquirement {unknown}
 j - a scroll of immolation {unknown}
 k - a scroll of poison {unknown}
 n - a scroll of fear {unknown}
 s - a scroll of summoning {unknown}
 t - a scroll of amnesia {unknown}
 w - a scroll of torment {unknown}
Potions
 i - a potion of berserk rage {unknown}
 l - a potion of heal wounds {unknown}
 m - a potion of flight {unknown}
 p - 2 potions of ambrosia {unknown}
 q - a potion of might {unknown}
 v - a potion of mutation {unknown}
 x - 3 potions of haste {unknown}


   Skills:
 + Level 3.3 Fighting
 + Level 3.7 Maces & Flails
 - Level 2.0 Throwing
 + Level 2.4 Armour
 + Level 3.7 Dodging


You had 4 spell levels left.
You didn't know any spells.
Your spell library contained the following spells:

 Spells                   Type           Power      Damage    Failure   Level
 Sting                    Tmut/Pois      0%         1d3       43%         1
 Poisonous Vapours        Pois/Air       0%         N/A       58%         2
 Sublimation of Blood     Necr           0%         N/A       58%         2
 Call Canine Familiar     Summ           0%         N/A       82%         3
 Portal Projectile        Hex/Tloc       0%         N/A       82%         3
 Leda's Liquefaction      Hex/Erth       0%         N/A       99%         4
 Olgreb's Toxic Radiance  Pois           0%         N/A       99%         4
 Petrify                  Tmut/Erth      0%         N/A       99%         4
 Irradiate                Conj/Tmut      0%         3d11      100%        5


Dungeon Overview and Level Annotations

Branches:
Dungeon (4/15)            Ossuary (1/1)
 Temple: D:4-7

Altars:
Ashenzari

Shops:
D:3 :


Innate Abilities, Weirdness & Mutations

You have a pair of antennae on your head.
A meltable shield of frost defends you. (SH +4)


Message History

You block the wraith's attack.
You barely miss the wraith.
The wraith is moderately damaged.
The wraith misses you. The wraith hits you.
You completely miss the wraith.
The wraith is moderately damaged.
The wraith misses you.
You hit the wraith.
The wraith is heavily damaged.
You block the wraith's attack.
You hit the wraith.
The wraith is severely damaged.
The wraith hits you. x2
You barely miss the wraith.
The wraith is severely damaged.
The wraith hits you.
You hit the wraith.
The wraith is severely damaged.
The wraith hits you! The wraith drains your vigour!
You feel as though you will be slow longer.
You closely miss the wraith.
The wraith is severely damaged.
You block the wraith's attack. The wraith misses you.
You hit the wraith but do no damage.
The wraith is severely damaged.
The wraith hits you.
* * * LOW HITPOINT WARNING * * *
You barely miss the wraith.
The wraith is severely damaged.
You block the wraith's attack. The wraith hits you!
* * * LOW HITPOINT WARNING * * *
The wraith drains your vigour!
You feel as though you will be slow longer.
You hit the wraith but do no damage.
The wraith is severely damaged.
The wraith closely misses you.
You hit the wraith.
The wraith is severely damaged.
The wraith hits you!
You die...

##########################
.........................#
.∩.....................∩.#
.......#####+#####.......#
......##.........##......#
.....##...#####...##.....#
....##...##...##...##....#
....#...##..?..##...#....#
....+...#.?!!?!W@...'....#
....#...##.!??.##...#....#
....##...##...##...##....#
.....##...#####...##.....#
......##.........##......#
.......#####+#####.......#
.∩.....................∩.#
.........................#
###########'''############


You could see a wraith.

Vanquished Creatures
  A phantom (D:3)
  A hound (D:3)
  A mummy (Ossuary)
  2 adders (D:2)
  A worm (D:2)
  5 dart slugs
  11 orcs
  7 bats
  6 endoplasms
  2 giant cockroaches
  A goblin (D:1)
  4 hobgoblins
  8 jackals
  5 kobolds
  3 quokkas
  3 ball pythons
  2 frilled lizards
  8 gnoll skeletons (Ossuary)
  8 kobold skeletons (Ossuary)
  9 orc skeletons (Ossuary)
  6 rats
94 creatures vanquished.

Notes
Turn   | Place    | Note
-------+----------+-------------------------------------------
     0 | D:1      | Artool the Demonspawn Gladiator began the quest for the
                  | Orb.
     0 | D:1      | Reached XP level 1. HP: 16/16 MP: 1/1
   231 | D:1      | Gained mutation: A meltable shield of frost defends you.
                  | (SH +4) [demonic ancestry]
   231 | D:1      | Reached XP level 2. HP: 16/22 MP: 2/2
  1039 | D:1      | Reached skill level 1 in Armour
  1065 | D:1      | Gained mutation: You have a pair of small antennae on your
                  | head. [demonic ancestry]
  1065 | D:1      | Reached XP level 3. HP: 28/28 MP: 3/3
  2946 | D:3      | Found Horunodiji's Vocational Training.
  3021 | D:2      | Reached XP level 4. HP: 18/34 MP: 4/4
  3941 | D:3      | Found a faded altar of an unknown god.
  3948 | D:3      | Noticed a phantom
  4137 | D:3      | Killed a phantom
  4138 | D:3      | Gained mutation: You have a pair of antennae on your head.
                  | [demonic ancestry]
  4138 | D:3      | Reached XP level 5. HP: 13/41 MP: 5/5
  4428 | D:4      | Found a broken altar of Ashenzari.
  4437 | D:4      | Found a sand-covered staircase.
  4442 | Ossuary  | Entered an ossuary
  4442 | Ossuary  | Noticed a wraith
  4442 | Ossuary  | Noticed a wraith
  4442 | Ossuary  | Noticed a wraith
  4822 | Ossuary  | Noticed a wraith
  4866 | Ossuary  | Slain by a wraith

Illustrated notes

Levels and vault maps discovered:
D:1:      minmay_arrival_arboretum_small, layout_loops_ring, bh_walls_and_bars
D:2:      layout_basic, serial_rivers, chequers_serial_rivers_small_b,
          chequers_serial_rivers_room_a, chequers_serial_rivers_room_b,
          chequers_serial_rivers_micro_a, chequers_serial_rivers_micro_c,
          chequers_serial_rivers_room_b
D:3:      layout_rooms, shapermc_ecumenical_altar_starsandcircs,
          nicolae_shop_vocational, uniq_natasha
D:4:      layout_loops_cross, general_overflow_altar, temple_doors_e,
          enter_ossuary_2, uniq_crazy_yiuf_cottage, uniq_pikel, uniq_duvessa,
          uniq_sigmund, uniq_ijyb
Ossuary:  ossuary_due_mausoleum

Skill      XL: |  1  2  3  4 |
---------------+-------------+-----
Throwing       | 2 |  2.0
Maces & Flails | 3 |  3.7
Armour         | 1 2 |  2.4
Dodging        | 3 |  3.7
Fighting       | 3 |  3.3

Action                   |  1- 3 |  4- 6 || total
-------------------------+-------+-------++-------
Melee: Flail             |    90 |       ||    90
       Punch             |     1 |     4 ||     5
       Whip              |    58 |   262 ||   320
 Stab: Sleeping          |     1 |       ||     1
Armor: Leather armour    |    51 |    67 ||   118
Dodge: Dodged            |    97 |   160 ||   257
Block: Other             |    34 |    55 ||    89
